 Dungeon Crawl Stone Soup version 0.21-a0-401-g0b6bec4 (webtiles) character file.

118 tilp the Magician (level 4, -1/24 HPs)
             Began as a Deep Elf Fire Elementalist on Oct 25, 2017.
             Killed by nerve-wracking pain
             ... invoked by an orc priest
              (2 damage)
             ... on level 3 of the Dungeon.
             The game lasted 00:13:18 (2979 turns).

tilp the Magician (Deep Elf Fire Elementalist)      Turns: 2979, Time: 00:13:18

Health: -1/24      AC:  2    Str:  5    XL:     4   Next: 72%
Magic:  12/12      EV: 13    Int: 21    God:
Gold:   114        SH:  0    Dex: 15    Spells: 5/11 levels left

rFire    + . .     SeeInvis .   a - +4 dagger
rCold    + . .     Gourm    .   (no shield)
rNeg     . . .     Faith    .   h - +0 robe
rPois    .         Spirit   .   (no helmet)
rElec    .         Reflect  .   o - scarf {rC+ rF+}
rCorr    .         Harm     .   (no gloves)
MR       .....                  (no boots)
Stlth    ++........             (no amulet)
HPRegen  0.08/turn              (no ring)
MPRegen  0.13/turn              (no ring)

@: hasted, very quick
A: no striking features
a: no special abilities


You were on level 3 of the Dungeon.
You were not hungry.

You visited 1 branch of the dungeon, and saw 3 of its levels.

You collected 114 gold pieces.

Inventory:

Hand Weapons
 a - a +4 dagger (weapon)
Missiles
 g - 84 stones (quivered)
 m - 11 sling bullets
Armour
 h - a +0 robe (worn)
 o - a scarf of resistance (worn)
Jewellery
 t - a cursed ring of loudness {unknown}
Scrolls
 d - a scroll of random uselessness {unknown}
 e - a scroll of amnesia {unknown}
 i - 3 scrolls of identify {unknown}
 k - a scroll of enchant armour {unknown}
 l - 2 scrolls of teleportation {unknown}
 p - a scroll of blinking {unknown}
 q - a scroll of enchant weapon {unknown}
 s - a scroll of immolation {unknown}
Potions
 j - a potion of haste
 n - a potion of heal wounds {unknown}
 r - a potion of cancellation {unknown}
 u - a potion of flight {unknown}
 v - a potion of curing {unknown}
Books
 b - a book of Flames

   Spells                             Type                      Level
   a - Flame Tongue                   Conjuration/Fire             1
   b - Throw Flame                    Conjuration/Fire             2
   c - Conjure Flame                  Conjuration/Fire             3
   d - Inner Flame                    Hexes/Fire                   3
   e - Sticky Flame                   Conjuration/Fire             4
   f - Fireball                       Conjuration/Fire             5
Comestibles
 f - a meat ration


   Skills:
 - Level 2.4 Dodging
 - Level 2.4 Stealth
 + Level 4.2 Spellcasting
 * Level 3.5 Conjurations
 + Level 4.2 Fire Magic


You had 5 spell levels left.
You knew the following spells:

 Your Spells              Type           Power        Failure   Level  Hunger
a - Flame Tongue          Conj/Fire      ###..        2%          1    None
b - Throw Flame           Conj/Fire      ###...       3%          2    #......
c - Conjure Flame         Conj/Fire      ###.....     7%          3    ##.....


Dungeon Overview and Level Annotations

Branches:
Dungeon (3/15)

Altars:
The Shining One

Annotations:
D:2 1 runed door, exclusion: adder


Message History

Magic restored.
An orc priest comes into view.
The orc priest completely misses you.
The orc priest mumbles some strange prayers to Beogh against you.
Pain shoots through your body!
The orc priest calls down the wrath of Beogh upon you.
Beogh smites you!
Ouch! That really hurt!
* * * LOW HITPOINT WARNING * * *
You see here a dagger.
Casting: Throw Flame
Confirm with . or Enter, or press ? or * to list all spells.
Aiming: Flame Tongue
Press: ? - help, Shift-Dir - straight line, f - orc priest
Aim: an orc priest
Okay, then.
It was a potion of haste.
You feel yourself speed up.
The orc priest mumbles some strange prayers to Beogh against you.
Pain shoots through your body!
You die...

#.# #.# ..# ## #.#
#.# .. # ##.## #.# o
### #...#### #.# .#
.. #......# #.###.#
# #...##.# #.#...#
######.###.#.#.####.
#..@..o.)..)...
########..###.. .
..# ## ..# ..# ..#
..# .##


You could see an orc priest.

Vanquished Creatures
  An orc priest (D:2)
  An adder (D:3)
  An ooze (D:1)
  2 worms
  A dart slug (D:1)
  3 leopard geckos
  3 orcs (D:3)
  A ball python (D:3)
  3 giant cockroaches
  4 goblins
  10 hobgoblins
  9 jackals (D:2)
  A quokka (D:3)
  6 bats
  2 frilled lizards
  6 kobolds
  5 rats (D:1)
59 creatures vanquished.

Notes
Turn   | Place    | Note
-------+----------+-------------------------------------------
     0 | D:1      | tilp the Deep Elf Fire Elementalist began the quest for the Orb.
     0 | D:1      | Reached XP level 1. HP: 10/10 MP: 6/6
   301 | D:1      | Reached XP level 2. HP: 15/15 MP: 5/8
   305 | D:1      | Learned a level 2 spell: Throw Flame
   920 | D:1      | Reached XP level 3. HP: 19/19 MP: 7/10
   925 | D:1      | Learned a level 3 spell: Conjure Flame
  1958 | D:2      | Found a glowing golden altar of the Shining One.
  2096 | D:2      | Found a runed door.
  2299 | D:3      | Reached XP level 4. HP: 24/24 MP: 7/11
  2978 | D:3      | HP: 1/24 [orc priest/divine providence (13)]
  2979 | D:3      | Killed from afar by an orc priest

Vault maps used:
D:1:      dpeg_chamrin_arrival_tetris
D:2:      lemuel_coloured_pillars_altar, uniq_crazy_yiuf_cottage
D:3:      uniq_robin

Skill      XL: |  1  2  3  4 |
---------------+-------------+-----
Conjurations   | 2 3 |  3.5
Fire Magic     | 4 |  4.2
Spellcasting   | 4 |  4.2
Dodging        | |  2.4
Stealth        | |  2.4

Action                   |  1- 3 |  4- 6 || total
-------------------------+-------+-------++-------
Melee: Dagger            |    16 |     7 ||    23
Throw: Stone             |     5 |       ||     5
 Cast: Flame Tongue      |    70 |    13 ||    83
       Throw Flame       |    14 |     8 ||    22
  Use: Potion            |       |     1 ||     1
  Eat: Chunk             |     2 |       ||     2
       Bread ration      |     1 |       ||     1
Armor: Robe              |    12 |     3 ||    15
Dodge: Dodged            |    35 |     4 ||    39

Table legend:
 A = Spawn XP
 B = Non-spawn XP
 C = Spawn XP percentage of total XP
 D = Spawn monster count
 E = Non-spawn monster count
 F = Spawn count percentage of total count
 G = Total turns spent on level
                    A         B        C        D         E        F      G
               +---------+---------+-------+---------+---------+-------+---------
         Total |       0 |     169 |   0.0 |       0 |      59 |   0.0 |  2979
               +---------+---------+-------+---------+---------+-------+---------
           D:1 |       0 |      41 |   0.0 |       0 |      23 |   0.0 |  1117
           D:2 |       0 |      83 |   0.0 |       0 |      22 |   0.0 |  1240
           D:3 |       0 |      45 |   0.0 |       0 |      14 |   0.0 |   622
               +---------+---------+-------+---------+---------+-------+---------
